 Dungeon Crawl Stone Soup version 0.31-a0-986-g5e6e4ef867 (webtiles) character file.

Game seed: 4222007102251899369

989 jasper the Summoner (level 7, -1/51 HPs)
             Began as a Vampire Summoner on Nov 13, 2023.
             Was a Follower of Cheibriados.
             Slain by a vampire mosquito (7 damage)
             ... on level 7 of the Dungeon.
             The game lasted 00:10:12 (4774 turns).

jasper the Summoner (Vampire Summoner)              Turns: 4774, Time: 00:10:13

Health: -1/51      AC:  6    Str:  9    XL:     7   Next: 98%
Magic:  11/11      EV: 11    Int: 21    God:    Cheibriados [*.....]
Gold:   316        SH:  0    Dex: 17    Spells: 3/12 levels left

rFire   . . .        c - +0 war axe
rCold   . . .        (no shield)
rNeg    . . .        l - +0 ring mail
rPois   .            (no helmet)
rElec   .            (no cloak)
rCorr   .            j - +0 pair of gloves
SInv    +            (no boots)
Will    .....        (no amulet)
Stlth   ++           (no ring)
HPRegen 0.48/turn    (no ring)
MPRegen 0.12/turn

%: no passive effects
@: mighty, healing quickly, very slow
A: alive, fangs 3, see invisible, vampiric 2
a: Exsanguinate, Renounce Religion, Bend Time


You were on level 7 of the Dungeon.
You worshipped Cheibriados.
Cheibriados was aware of your devotion.
You visited 2 branches of the dungeon, and saw 8 of its levels.

You collected 316 gold pieces.

Inventory:

Hand Weapons
 c - a +0 war axe (weapon)
 f - a +0 flail
 m - a +0 quarterstaff
Missiles
 e - 50 stones
 i - 11 poisoned darts
Armour
 a - a +0 robe
 j - a +0 pair of gloves (worn)
 k - a +0 scale mail
 l - a +0 ring mail (worn)
 n - +0 ice dragon scales
Scrolls
 s - 4 scrolls of identify
 u - a scroll of silence {unknown}
 v - a scroll of teleportation {unknown}
 w - a scroll of immolation {unknown}
Potions
 g - 3 potions of mutation
 o - a potion of haste
 p - 2 potions of cancellation
 q - a potion of degeneration


   Skills:
 + Level 2.3 Fighting
 + Level 2.1 Armour
 + Level 3.8 Dodging
 - Level 3.0 Stealth
 - Level 3.0 Spellcasting
 - Level 3.0 Hexes
 - Level 8.0 Summonings


You had 3 spell levels left.
You knew the following spells:

 Your Spells              Type           Power      Damage    Failure   Level
a - Summon Small Mammal   Summ           100%       N/A       1%          1
b - Call Imp              Summ           72%        N/A       1%          2
c - Call Canine Familiar  Summ           36%        N/A       4%          3
d - Summon Guardian Gole  Hex/Summ       26%        N/A       11%         3

Your spell library contained the following spells:

 Spells                   Type           Power      Damage    Failure   Level
 Slow                     Hex            60%        N/A       11%         1
 Jinxbite                 Hex            30%        N/A       16%         2
 Ensorcelled Hibernation  Hex/Ice        18%        N/A       28%         2
 Confusing Touch          Hex            15%        N/A       30%         3
 Sigil of Binding         Hex            15%        N/A       30%         3
 Cigotuvi's Dreadful Rot  Necr/Pois/Air  6%         N/A       47%         2
 Inner Flame              Hex/Fire       9%         N/A       50%         3
 Ignite Poison            Fire/Tmut/Pois 3%         N/A       71%         3
 Vampiric Draining        Necr           3%         2d6       71%         3
 Summon Lightning Spire   Summ/Air       19%        N/A       56%         4
 Anguish                  Hex/Necr       4%         N/A       88%         4
 Yara's Violent Unravell  Hex/Tmut       4%         3d4       99%         5
 Freezing Cloud           Conj/Ice/Air   1%         6-21      100%        5
 Enfeeble                 Hex            7%         N/A       100%        7


Dungeon Overview and Level Annotations

Branches:
Dungeon (7/15)             Temple (1/1) D:5

Altars:
Ashenzari
Cheibriados
Dithmenos
Fedhas
Gozag
Hepliaklqana
Kikubaaqudgha
Makhleb
Nemelex Xobeh
Okawaru
Qazlal
Ru
Sif Muna
Trog
Uskayaw
Vehumet
Wu Jian
Xom
Yredelemnul

Shops:
D:1 (   D:5 (


Innate Abilities, Weirdness & Mutations

Your natural rate of healing is accelerated.
You have razor-sharp teeth.
You have supernaturally acute eyesight. (SInv)
You are afflicted with vampirism and can become a bat while bloodless.


Message History

You don't have any such object.
Fire/throw/use which item? ([*] to toss any item) (? for menu, Esc to quit)
Okay, then.
You feel very mighty all of a sudden.
The vampire mosquito bites you but does no damage.
Your cerulean imp hits the bullfrog with a -1 spear.
You slash the vampire mosquito!
The vampire mosquito is heavily damaged.
The vampire mosquito barely misses you.
The vampire mosquito is engulfed in blazing flames.
The vampire mosquito bites you!
The vampire mosquito draws strength from your injuries!
Your cerulean imp misses the bullfrog.
The vampire mosquito closely misses you.
You take 7 damage, and have 28/51 hp.
You closely miss the vampire mosquito.
The vampire mosquito is moderately damaged.
The vampire mosquito closely misses you.
The vampire mosquito bites you.
The vampire mosquito draws strength from your injuries!
Your cerulean imp misses the bullfrog.
The vampire mosquito bites you!
The vampire mosquito draws strength from your injuries!
Your cerulean imp hits the bullfrog with a -1 spear.
You take 12 damage, and have 16/51 hp.
MASSIVE DAMAGE!!
You slash the vampire mosquito!
The vampire mosquito is moderately damaged.
The vampire mosquito closely misses you.
The vampire mosquito bites you.
* * * LOW HITPOINT WARNING * * *
The vampire mosquito draws strength from your injuries!
Your cerulean imp barely misses the bullfrog.
The vampire mosquito bites you!
* * * LOW HITPOINT WARNING * * *
The vampire mosquito draws strength from your injuries!
You take 11 damage, and have 5/51 hp.
MASSIVE DAMAGE!!
Magic courses through your body.
The vampire mosquito closely misses you.
Your cerulean imp barely misses the bullfrog.
The vampire mosquito bites you!
You die...

###########
#.........#
#.#######.#
#.# #.# #.#
#.##### #@#
#.....# #y#
#####.# #y#
#.# #y# #.#
#°# #.#
.y..y..F5#
#.#
y#######.#
#.#### .#
#..... .#
######


You could see 3 vampire mosquitoes, a bullfrog (ally target) and a friendly
cerulean imp (summoned).

Vanquished Creatures
  A steam dragon (D:6)
  An ogre (D:6)
  A bullfrog (D:5)
  A scorpion (D:5)
  2 jellies
  An orc wizard (D:6)
  An iguana (D:6)
  2 gnolls (D:6)
  2 adders (D:5)
  2 ufetubi (D:6)
  A worm (D:2)
  3 dart slugs
  2 orcs
  7 ball pythons
  7 bats
  8 endoplasms
  3 giant cockroaches
  8 goblins
  9 hobgoblins
  8 jackals
  5 quokkas
  5 frilled lizards
  A kobold (D:2)
  8 rats
89 creatures vanquished.

Vanquished Creatures (collateral kills)
  A howler monkey (D:5)
  A jelly (D:5)
  An iguana (D:5)
  A sleepcap (D:6)
  2 orc wizards
  An adder (D:4)
  2 gnolls (D:4)
  A worm (D:4)
  A dart slug (D:5)
  5 orcs
  2 jackals
  2 ball pythons
  2 goblins
  A rat (D:1)
23 creatures vanquished.

Vanquished Creatures (others)
  A vampire mosquito (D:7)
  A gnoll sergeant (D:6)
  3 gnolls (D:6)
5 creatures vanquished.

Grand Total: 117 creatures vanquished

Notes
Turn   | Place    | Note
-------+----------+-------------------------------------------
     0 | D:1      | jasper the Vampire Summoner began the quest for the Orb.
     0 | D:1      | Reached XP level 1. HP: 13/13 MP: 3/3
   221 | D:1      | Reached XP level 2. HP: 19/19 MP: 0/5
   229 | D:1      | Learned a level 2 spell: Call Imp
   367 | D:1      | Found Sypacit's Weapon Emporium.
   587 | D:1      | Gained mutation: You are afflicted with vampirism and can
                  | become a bat while bloodless. [Vampire growth]
   587 | D:1      | Reached XP level 3. HP: 20/24 MP: 7/7
   769 | D:1      | Found a faded altar of an unknown god.
  1174 | D:2      | Learned a level 3 spell: Call Canine Familiar
  1482 | D:2      | Reached skill level 5 in Summonings
  1484 | D:2      | Reached XP level 4. HP: 26/30 MP: 8/8
  1488 | D:2      | Learned a level 3 spell: Summon Guardian Golem
  2266 | D:3      | Found a sacrificial altar of Ru.
  2278 | D:3      | Found a shimmering altar of Xom.
  2280 | D:3      | Found a hazy altar of Hepliaklqana.
  2441 | D:4      | Noticed an ogre
  2470 | D:4      | Reached XP level 5. HP: 31/35 MP: 4/9
  2561 | D:4      | Reached skill level 6 in Summonings
  2695 | D:5      | Entered Level 5 of the Dungeon
  2716 | D:5      | Found a staircase to the Ecumenical Temple.
  2729 | Temple   | Entered the Ecumenical Temple
  2744 | Temple   | Became a worshipper of Cheibriados the Contemplative
  2769 | D:5      | Found Ziagoisk's Weapon Shoppe.
  2881 | D:5      | Reached XP level 6. HP: 31/41 MP: 6/10
  2883 | D:5      | Reached skill level 7 in Summonings
  3520 | D:6      | Reached * piety under Cheibriados
  3521 | D:6      | Reached skill level 8 in Summonings
  3633 | D:6      | Reached skill level 1 in Hexes
  3633 | D:6      | Reached XP level 7. HP: 46/46 MP: 5/11
  3961 | D:6      | Reached skill level 1 in Fighting
  3961 | D:6      | Reached skill level 1 in Armour
  4418 | D:6      | Noticed a steam dragon
  4438 | D:6      | HP: 1/48 [something/ball of steam (15)]
  4455 | D:6      | Killed a steam dragon
  4574 | D:6      | Found a burning altar of Makhleb.
  4748 | D:7      | Noticed a vampire mosquito
  4748 | D:7      | Noticed a vampire mosquito
  4748 | D:7      | Noticed a vampire mosquito
  4749 | D:7      | Noticed a vampire mosquito
  4767 | D:7      | Killed a vampire mosquito
  4774 | D:7      | Slain by a vampire mosquito

Illustrated notes

Levels and vault maps discovered:
D:1:      roderic_crop_circles_arrival_small, layout_loops_ring, serial_forest,
          infiniplex_forest_pool, infiniplex_forest_side_room,
          infiniplex_forest_clump_tiny, infiniplex_forest_lined_corner,
          infiniplex_forest_lined_1, infiniplex_forest_pool,
          infiniplex_forest_clump_diagonal, serial_shops, shop_fountains,
          shapermc_ecumenical_altar_totnotflames, minivault_4,
          minmay_gold_behind_fungi, palyth_stone_intersect, minmay_pentomino_q2
D:2:      minmay_angry_zag, layout_basic, minmay_tall_x
D:3:      layout_loops_ring, minitemple
D:4:      layout_loops_ring, dreamdust_gnoll_farm
D:5:      layout_cave_pools, minmay_temple_entry_waves, serial_shops, shop,
          grunt_ministairs_13
D:6:      layout_loops_corners, mainiacjoe_overflow_alcove_1
D:7:      layout_loops_ring, serial_shops, shop, enter_bailey_3, uniq_duvessa
Temple:   regret_index_temple_chain_breaker

Skill      XL: |  1  2  3  4  5  6  7 |
---------------+----------------------+-----
Spellcasting   | 3 |  3.0
Summonings     | 5 6 8 |  8.0
Hexes          | 1 3 |  3.0
Fighting       | 2 |  2.3
Armour         | 2 |  2.1
Dodging        | 3 |  3.8
Stealth        | |  3.0

Action                     |  1- 3 |  4- 6 |  7- 9 || total
---------------------------+-------+-------+-------++-------
  Melee: War axe           |   168 |   135 |    15 ||   318
         Bite              |    26 |    14 |     3 ||    43
         Punch             |     2 |     2 |       ||     4
         Unarmed           |       |       |    12 ||    12
  Throw: Javelin           |       |       |     2 ||     2
   Cast: Summon Small Mamm |     6 |       |       ||     6
         Call Imp          |     2 |     6 |     3 ||    11
         Call Canine Famil |       |    10 |     4 ||    14
         Summon Guardian G |       |       |     7 ||     7
    Use: Scroll            |       |     9 |       ||     9
         Potion            |       |       |     6 ||     6
   Stab: Sleeping          |     6 |     1 |       ||     7
         Distracted        |       |     1 |       ||     1
 Armour: Robe              |    44 |       |       ||    44
         Ring mail         |    67 |   161 |    32 ||   260
         Skin              |       |       |    29 ||    29
  Dodge: Dodged            |    93 |   167 |    28 ||   288

Table legend: (Time is in decaauts)
 A = Elapsed time spent in this place.
 B = Non-inter-level travel time spent in this place.
 C = Inter-level travel time spent in this place.
 D = Time resting spent in this place.
 E = Time spent auto-exploring this place.
 F = Levels seen in this place.
 G = Mean time per level.
                   A        B        C        D        E       F      G
               +--------+--------+--------+--------+--------+-----+--------+
         Total |   5427 |   5180 |    247 |    260 |   3471 |   8 |  678.4 |
       Dungeon |   5392 |   5177 |    215 |    260 |   3471 |   7 |  770.3 |
        Temple |     34 |      3 |     31 |      0 |      0 |   1 |   34.0 |
               +--------+--------+--------+--------+--------+-----+--------+

Top non-repeatable levels by time:
     D:6: 1657 daAuts
     D:1: 1159 daAuts
     D:5: 789 daAuts
     D:3: 761 daAuts
     D:2: 745 daAuts
     D:4: 168 daAuts
     D:7: 112 daAuts
  Temple: 34 daAuts
